 Dungeon Crawl Stone Soup version 0.31-a0-369-g8eba5f6939 (webtiles) character file.

Game seed: 18305710259709793125

14308 kae the Mimic (level 12, -1/108 HPs)
             Began as a Naga Shapeshifter on July 28, 2023.
             Was a High Priest of Cheibriados.
             Slain by a wolf (4 damage)
             ... on level 11 of the Dungeon.
             The game lasted 00:11:18 (10515 turns).

kae the Mimic (Naga Shapeshifter)                  Turns: 10515, Time: 00:11:19

Health: -1/108     AC:  4    Str: 39    XL:     12   Next: 15%
Magic:  15/15      EV: 11    Int: 21    God:    Cheibriados [*****.]
Gold:   702        SH:  0    Dex: 26    Spells: 11/11 levels left

rFire   + +          .
                       - Unarmed
rCold   . . .        (shield currently unavailable)
rNeg    . . .        a - melded +0 animal skin
rPois   +            (helmet currently unavailable)
rElec   .            (cloak currently unavailable)
rCorr   .            (gloves currently unavailable)
SInv    +            (no barding)
Will    ++...        (no amulet)
Stlth   ++           C - ring of protection from cold
HPRegen 0.38/turn    y - ring of willpower
MPRegen 0.14/turn

%: no passive effects
@: dragon-form, marked, corroded, flying, very slow
A: dragon claw, dragon scales, breathe fire, flying, reduced hp, AC +4, giant,
see invisible, (deformed body), (poison resistance), (slowness 2), spit poison
1, (naga tail 1)
a: Spit Poison, Breathe Fire, Begin Untransformation, Renounce Religion, Bend
Time, Temporal Distortion, Slouch, Step From Time


You were on level 11 of the Dungeon.
You worshipped Cheibriados.
Cheibriados was extremely pleased with you.
You were a fearsome dragon!
You visited 2 branches of the dungeon, and saw 12 of its levels.

You collected 817 gold pieces.
You spent 115 gold pieces at shops.


Innate Abilities, Weirdness & Mutations

You are a fearsome dragon!
You have a powerful clawing attack.
Your giant scaled body is strong and resiliant, but less evasive.
You can breathe fire.
You are flying.
Your maximum health is decreased, since you lack skill for your form.
Your armour is entirely melded.
You are incapable of wielding weapons or throwing items.
((Your serpentine skin is tough. (AC +4)))
You have supernaturally acute eyesight. (SInv)
((Armour fits poorly on your strangely shaped body.))
((Your system is resistant to poisons. (rPois)))
((You cover ground very slowly.))
You can spit poison.
((You have a snake-like lower body.))


   Skills:
 + Level 9.1 Fighting
 + Level 4.4 Dodging
 + Level 9.7 Unarmed Combat
 + Level 4.7 Invocations
 * Level 11.3 Shapeshifting


You had 11 spell levels left.
You didn't know any spells.
Your spell library contained the following spells:

 Spells                   Type           Power      Damage    Failure   Level
 Slow                     Hex            0%         N/A       19%         1
 Blink                    Tloc           0%         N/A       26%         2
 Ensorcelled Hibernation  Hex/Ice        0%         N/A       26%         2
 Lesser Beckoning         Tloc           0%         N/A       26%         2
 Momentum Strike          Conj/Tloc      0%         3d8       26%         2
 Call Canine Familiar     Summ           0%         N/A       47%         3
 Confusing Touch          Hex            0%         N/A       47%         3
 Gell's Gravitas          Tloc           0%         N/A       47%         3
 Teleport Other           Tloc           0%         N/A       47%         3
 Tukima's Dance           Hex            0%         N/A       47%         3
 Vampiric Draining        Necr           0%         2d6       47%         3
 Volatile Blastmotes      Fire/Tloc      0%         2d10      47%         3
 Fulminant Prism          Conj/Hex       0%         3d5       87%         4
 Iskenderun's Mystic Bla  Conj/Tloc      0%         2d3       87%         4
 Passage of Golubria      Tloc           0%         N/A       87%         4
 Yara's Violent Unravell  Hex/Tmut       0%         3d3       99%         5
 Dispersal                Tloc           0%         N/A       100%        6
 Summon Cactus Giant      Summ           0%         N/A       100%        6
 Polar Vortex             Ice            0%         N/A       100%        9

Inventory:

Missiles
 f - 229 stones
 j - 6 boomerangs of dispersal {=f!f}
 n - 9 poisoned darts
 o - 4 curare-tipped darts {=f}
 q - a throwing net {=f!f}
Armour
 a - a +0 animal skin (melded)
Jewellery
 v - a ring of see invisible
   (You found it on level 3 of the Dungeon)
 y - a ring of willpower (right foreclaw)
   (You found it on level 7 of the Dungeon)
 C - a ring of protection from cold (left foreclaw)
   (You found it on level 3 of the Dungeon)
 F - a ring of fire
   (You found it on level 7 of the Dungeon)
 I - a +6 ring of intelligence
   (You found it on level 5 of the Dungeon)
 P - a ring of poison resistance
   (You found it on level 5 of the Dungeon)
 R - a ring of resist corrosion
   (You found it on level 3 of the Dungeon)
 W - a ring of magical power
   (You found it on level 10 of the Dungeon)
 Z - a ring of wizardry
   (You found it on level 1 of the Dungeon)
Talismans
 c - a beast talisman
 d - a dragon-blood talisman
   (You found it on level 3 of the Dungeon)
 h - a serpent talisman
   (You found it on level 2 of the Dungeon)
 r - a maw talisman
   (You found it on level 10 of the Dungeon)
Wands
 l - a wand of roots (26)
   (You took it off Ijyb on level 5 of the Dungeon)
 p - a wand of polymorph (13)
   (You found it on level 6 of the Dungeon)
 J - a wand of charming (7)
   (You found it on level 11 of the Dungeon)
Scrolls
 m - a scroll of amnesia
 s - 2 scrolls of teleportation {@r4}
 t - a scroll of enchant weapon
 u - 2 scrolls of fog
 x - a scroll of butterflies
 z - 5 scrolls of identify {@r1}
 A - a scroll of poison
 D - a scroll of revelation
 H - a scroll of immolation {!r!r}
 N - a scroll of brand weapon {unknown}
Potions
 b - 3 potions of lignification {!q}
 e - 2 potions of ambrosia
 g - 3 potions of curing {@q1}
 i - a potion of heal wounds {@q2}
 k - 2 potions of invisibility
 w - a potion of enlightenment
 B - a potion of haste {forbidden@q3}
 E - a potion of mutation {!q}
 K - a potion of degeneration {unknown}
 L - 2 potions of cancellation {unknown}
 M - a potion of experience {unknown}
Miscellaneous
 G - a phantom mirror
   (You found it on level 9 of the Dungeon)

Dungeon Overview and Level Annotations

Branches:
Dungeon (11/15) Zot: 39465  Temple (1/1) D:6 Zot: 8946    Lair (0/5) D:11
    Orc (0/2) D:11

Altars:
Ashenzari
Cheibriados
Dithmenos
Elyvilon
Fedhas
Gozag
Hepliaklqana
Kikubaaqudgha
Makhleb
Nemelex Xobeh
Okawaru
Qazlal
Ru
Sif Muna
Trog
Uskayaw
Vehumet
Wu Jian
Xom
Yredelemnul
Zin
The Shining One

Shops:
D:10 *   D:11 :?*

Annotations:
D:7 exclusion: cyclops

#.........
....#
##....#.#...
.....
##........#.#
.....
......#.#...
.....
#..........
.~...
##.........>
.#hk.
#....†..#
.....
#...h#.# #
.~...
##~.Dh.#.#
..c..
##..c.k# ....
#.......?...
....
##.....#...#
...
###.......$
#........
###.~....
###... #..


You could see a centaur warrior, a rime drake and 2 wolves.


Message History

You are too injured to fight recklessly!
A gargoyle is nearby!
Unknown command.
Unknown command.
Unknown command.
You bite the gargoyle!!
You destroy the gargoyle!
Cheibriados appreciates the change of pace. 😮 HP[+1]
You now have 107 max hp (+1).
You see here a +0 mace. 😮 HP[+1] Unknown command.
There is an entrance to Nodiw's Magic Scroll Boutique here. 😎 HP[+31]
Your hp is fully restored (107).
Found a stone staircase leading down.
L - 2 inky potions (gained 1)
A brown ugly thing comes into view.
The brown ugly thing gurgles horribly!
The brown ugly thing tail-slaps you. The acid corrodes you!
You are splashed with acid!
You barely miss the brown ugly thing. You tail-slap the brown ugly thing.
Your bite misses the brown ugly thing.
The brown ugly thing barely misses you. 😕 HP[-11]
You take 11 damage, and now have 96/107 hp.
You hit the brown ugly thing. The brown ugly thing tail-slaps you!
The acid corrodes you!
You are splashed with acid!
You barely miss the brown ugly thing. The brown ugly thing tail-slaps you.
You are splashed with acid! 😮 HP[-27]
You take 27 damage, and now have 69/107 hp.
MASSIVE DAMAGE!! (PAUSE)
You maul the brown ugly thing!!!
Your bite misses the brown ugly thing.
You hear a howl!
You hear an angry hiss.
An ice beast comes into view.
The brown ugly thing barely misses you.
You closely miss the brown ugly thing. You claw the brown ugly thing!
You kill the brown ugly thing!
Cheibriados thoroughly appreciates the change of pace.
The ice beast sets off the alarm!
The alarm trap emits a blaring wail!
A sentinel's mark forms upon you.
You hear a shout!
You hear a howl! x2 😮 HP[+1]
A wolf comes into view.
A rime drake comes into view.
The rime drake breathes ice at you. The icy flash freeze hits you!!
* * * LOW HITPOINT WARNING * * *
You are encased in ice.
A wolf comes into view.
A centaur warrior comes into view. 😨 HP[-24]
You take 24 damage, and now have 46/107 hp.
MASSIVE DAMAGE!! (PAUSE)
As you read the scroll of teleportation {@r4}, it crumbles to dust.
You feel strangely unstable. The wolf misses you.
Unknown command.
Your surroundings suddenly seem different.
An ice beast comes into view.
The ice encasing you melts away. 😨 HP[+1] Unknown command.
You maul the ice beast!!!
You kill the ice beast!
Cheibriados thoroughly appreciates the change of pace. 😨 HP[+1]
You now have 108 max hp (+1).
A wolf comes into view. 😨 HP[+1]
Found a staircase to the Lair.
The wolf bites you.
* * * LOW HITPOINT WARNING * * *
😨 HP[-4]
You take 4 damage, and now have 45/108 hp.
You bite the wolf!!
You kill the wolf!
Cheibriados thoroughly appreciates the change of pace.
The centaur warrior wields a +0 orcbow.
The centaur warrior shoots an arrow.
The arrow hits you!!
* * * LOW HITPOINT WARNING * * *
😱 HP[-24]
You take 24 damage, and now have 21/108 hp.
MASSIVE DAMAGE!! (PAUSE)
The wolf closely misses you. The wolf barely misses you. The wolf bites you.
* * * LOW HITPOINT WARNING * * *
😱 HP[-4]
You take 4 damage, and now have 17/108 hp.
You bite the centaur warrior!! You tail-slap the centaur warrior.
The centaur warrior unwields a +0 orcbow.
The centaur warrior barely misses you. The centaur warrior kicks you.
* * * LOW HITPOINT WARNING * * *
😱 HP[-1]
You take 1 damage, and now have 16/108 hp.
Unknown command.
You barely miss the centaur warrior. The wolf bites you!
* * * LOW HITPOINT WARNING * * *
The wolf closely misses you. The centaur warrior hits you.
* * * LOW HITPOINT WARNING * * *
The centaur warrior barely misses you. The wolf bites you.
You die...

Skill      XL: |  1  2  3  4  5  6  7  8  9 10 11 |
---------------+----------------------------------+-----
Dodging        | 2 4 |  4.4
Fighting       | 2 3 4 5 6 8 9 |  9.1
Unarmed Combat | 4 5 6 7 8 9 |  9.7
Shapeshifting  | 4 6 7 8 10 11 | 11.3
Invocations    | 1 4 |  4.7

Action                     |  1- 3 |  4- 6 |  7- 9 | 10-12 || total
---------------------------+-------+-------+-------+-------++-------
  Melee: Unarmed           |    70 |    79 |   171 |   250 ||   570
         Punch             |     2 |     2 |       |    17 ||    21
         Constrict         |       |     6 |    40 |    14 ||    60
         Tailslap          |       |       |     1 |    25 ||    26
         Bite              |       |       |       |    18 ||    18
Ability: Spit Poison       |    19 |    19 |    23 |     2 ||    63
         Begin Untransform |       |       |     1 |       ||     1
         Breathe Fire      |       |       |       |     5 ||     5
    Use: Scroll            |       |     7 |     5 |    10 ||    22
         Potion            |       |       |       |     3 ||     3
   Stab: Sleeping          |     1 |     1 |       |     2 ||     4
 Armour: Animal skin       |    12 |    10 |       |       ||    22
         Skin              |       |    19 |    49 |    90 ||   158
  Dodge: Dodged            |    45 |    54 |    86 |   122 ||   307
   Form: Anaconda          |       |     1 |     1 |     1 ||     3
         Dragon            |       |       |     2 |     1 ||     3

Levels and vault maps discovered:
D:1:      scummos_arrival_hexagon, layout_basic
D:2:      layout_basic, serial_glass, glass_columns_a, glass_columns_a,
          feat_on_display, dreamdust_wishing_well, uniq_sigmund
D:3:      layout_rooms, minmay_rat_hole
D:4:      layout_rooms, minmay_misc_feat_cross, minivault_23
D:5:      layout_gridville, uniq_ijyb, uniq_grinder, uniq_pikel
D:6:      layout_rooms, mainiacjoe_overflow_tiny_flanked,
          minmay_temple_entry_overgrown, hellmonk_no_cap, uniq_duvessa
D:7:      layout_cave_pools
D:8:      layout_cave_pods, serial_bayou_lagoon_a, nrook_mini_vaults,
          kennysheep_decorative_pillar
D:9:      layout_roguey, trog_hazing_becter
D:10:     layout_irregular_city, serial_shops, nicolae_shop_crystal,
          worms_lemuel, uniq_josephine
D:11:     layout_basic, hellmonk_lair_entry_icy, orc_0_dummy, serial_shops,
          nicolae_shop_hallway_plus, nicolae_shop_overgrown_old_shop,
          nicolae_shop_rolling_square, nicolae_shop_advertising_works
          [nicolae_subvault_shop_adworks], special_room [special_room_orc]
Temple:   nicolae_temple_slightly_damp_pantheon

Notes
Turn   | Place    | Note
-------+----------+-------------------------------------------
     0 | D:1      | kae the Naga Shapeshifter began the quest for the Orb.
     0 | D:1      | Reached XP level 1. HP: 18/18 MP: 1/1
     0 | D:1      | magus.rc [v1.11.3]
    62 | D:1      | Reached XP level 2. HP: 23/25 MP: 2/2
   571 | D:1      | You fall into a shaft and drop 1 floor!
   579 | D:2      | Reached XP level 3. HP: 31/31 MP: 3/3
  1004 | D:2      | Noticed Sigmund
  1182 | D:2      | Reached skill level 2 in Dodging
  1199 | D:2      | Reached XP level 4. HP: 38/38 MP: 4/4
  2485 | D:4      | Noticed a scorpion
  2488 | D:4      | Killed a scorpion
  2489 | D:4      | Reached skill level 2 in Fighting
  2489 | D:4      | Reached skill level 4 in Unarmed Combat
  2489 | D:4      | Reached skill level 4 in Shapeshifting
  2489 | D:4      | Reached XP level 5. HP: 27/45 MP: 5/5
  2563 | D:4      | Reached XP level 6. HP: 35/55 MP: 6/6
  2668 | D:4      | Noticed a black bear
  2675 | D:4      | Killed a black bear
  2954 | D:5      | Entered Level 5 of the Dungeon
  2991 | D:5      | Reached skill level 3 in Fighting
  3005 | D:5      | Reached XP level 7. HP: 41/62 MP: 7/7
  3019 | D:5      | You add the spells Tukima's Dance, Passage of Golubria and
                  | Yara's Violent Unravelling to your library.
  3074 | D:5      | Reached skill level 5 in Shapeshifting
  3098 | D:5      | Noticed Grinder
  3109 | D:5      | Killed Grinder
  3110 | D:5      | Reached skill level 5 in Unarmed Combat
  3225 | D:5      | Noticed Pikel
  3236 | D:5      | Killed Pikel
  3237 | D:5      | Reached skill level 4 in Fighting
  3237 | D:5      | Reached skill level 6 in Shapeshifting
  3237 | D:5      | Reached XP level 8. HP: 21/73 MP: 8/8
  3425 | D:5      | Noticed Ijyb
  3453 | D:5      | Killed Ijyb
  3463 | D:5      | Reached skill level 6 in Unarmed Combat
  3774 | D:6      | Reached skill level 5 in Fighting
  3890 | D:6      | Reached skill level 7 in Shapeshifting
  4075 | D:6      | Reached XP level 9. HP: 74/81 MP: 9/9
  4089 | D:6      | Noticed Duvessa
  4090 | D:6      | Noticed Dowan
  4096 | D:6      | Killed Duvessa
  4102 | D:6      | Killed Dowan
  4385 | D:6      | Found a shimmering blue altar of Sif Muna.
  4398 | D:6      | Identified the +2 pair of gloves of Uruupaz {Will+ Stlth+}
  4808 | D:6      | Found a staircase to the Ecumenical Temple.
  4817 | Temple   | Entered the Ecumenical Temple
  4836 | Temple   | Became a worshipper of Cheibriados the Contemplative
  5005 | D:2      | Killed Sigmund
  5006 | D:2      | Reached skill level 6 in Fighting
  5006 | D:2      | Reached skill level 7 in Unarmed Combat
  5161 | D:7      | Reached skill level 8 in Shapeshifting
  5295 | D:7      | You pick up a book of Blasting and begin reading...
  5295 | D:7      | You add the spells Volatile Blastmotes, Fulminant Prism and
                  | Iskenderun's Mystic Blast to your library.
  5318 | D:7      | Noticed a cyclops
  5431 | D:7      | You pick up a book of Spatial Translocations and begin
                  | reading...
  5431 | D:7      | You add the spells Blink, Momentum Strike and Lesser
                  | Beckoning to your library.
  6079 | D:8      | Reached XP level 10. HP: 14/92 MP: 10/10
  6079 | D:8      | HP: 8/51 [wight/+0 battleaxe (6)]
  6299 | D:8      | Reached * piety under Cheibriados
  6400 | D:8      | Reached skill level 7 in Fighting
  6400 | D:8      | Reached skill level 9 in Shapeshifting
  6662 | D:8      | You pick up a book of Displacement and begin reading...
  6662 | D:8      | You add the spells Gell's Gravitas and Teleport Other to
                  | your library.
  6728 | D:8      | Reached skill level 8 in Unarmed Combat
  7140 | D:9      | Reached ** piety under Cheibriados
  7154 | D:9      | Reached skill level 1 in Invocations
  7154 | D:9      | Reached skill level 10 in Shapeshifting
  7156 | D:9      | HP: 20/115 [yak (13)]
  7493 | D:9      | Reached skill level 8 in Fighting
  7503 | D:9      | Reached XP level 11. HP: 103/103 MP: 12/12
  7586 | D:9      | Found a bloodstained altar of Trog.
  7643 | D:9      | Reached skill level 2 in Invocations
  7911 | D:9      | Reached *** piety under Cheibriados
  7986 | D:9      | Reached skill level 3 in Dodging
  8356 | D:10     | Entered Level 10 of the Dungeon
  8556 | D:10     | Reached skill level 9 in Unarmed Combat
  8805 | D:10     | Found Rigicioz's General Store.
  8841 | D:10     | Identified the +3 orcbow of Yney {drain, *Corrode rPois rF+
                  | Str+3}
  8849 | D:10     | Reached skill level 3 in Invocations
  8870 | D:10     | Bought a scroll of identify for 20 gold pieces
  8870 | D:10     | Bought a scroll of identify for 20 gold pieces
  8938 | D:10     | Noticed Josephine
  8943 | D:10     | Killed Josephine
  9103 | D:10     | Identified the +1 leather armour of Qazlal's Reproof
                  | {Will+}
  9242 | D:10     | Identified the +9 war axe of Ryczyt {venom, Dex+3}
  9396 | D:10     | Reached **** piety under Cheibriados
  9700 | D:10     | You add the spells Ensorcelled Hibernation, Call Canine
                  | Familiar, Summon Cactus Giant and Polar Vortex to your
                  | library.
  9700 | D:10     | Got the Parchment of Freezing and Accomplices
  9735 | D:11     | Found Keuv's Assorted Antiques.
  9759 | D:11     | Bought a green potion for 18 gold pieces
  9759 | D:11     | Bought an inky potion for 18 gold pieces
  9759 | D:11     | Bought a viscous purple potion for 18 gold pieces
  9759 | D:11     | Bought a scroll labelled COSHRU VIFU for 21 gold pieces
  9843 | D:11     | Noticed a two-headed ogre
  9850 | D:11     | Killed a two-headed ogre
  9851 | D:11     | Reached skill level 4 in Dodging
  9851 | D:11     | Reached skill level 4 in Invocations
  9851 | D:11     | Reached skill level 11 in Shapeshifting
  9877 | D:11     | Reached skill level 9 in Fighting
  9888 | D:11     | HP: 14/97 [orc priest/divine providence (14)]
  9891 | D:11     | Reached XP level 12. HP: 16/114 MP: 15/15
  9905 | D:11     | HP: 23/105 [orc/+0 trident (5)]
  9910 | D:11     | Reached ***** piety under Cheibriados
 10151 | D:11     | You pick up a book of Debilitation and begin reading...
 10151 | D:11     | You add the spells Slow, Vampiric Draining and Confusing
                  | Touch to your library.
 10166 | D:11     | Found a staircase to the Orcish Mines.
 10263 | D:11     | Found Xaetz's Book Emporium.
 10360 | D:11     | Found Nodiw's Magic Scroll Boutique.
 10506 | D:11     | Noticed a centaur warrior
 10511 | D:11     | Found a staircase to the Lair.
 10512 | D:11     | HP: 21/108 [centaur warrior/arrow (25)]
 10515 | D:11     | HP: 6/108 [wolf (10)]
 10515 | D:11     | Slain by a wolf

Vanquished Creatures
  Josephine (D:10)
  A two-headed ogre (D:11)
  Pikel (D:5)
  An ugly thing (D:11)
  A gargoyle (D:11)
  A troll (D:11)
  A tyrant leech (D:10)
  Grinder (D:5)
  Sigmund (D:2)
  28 yaks
  A shadow (D:11)
  4 wyverns
  5 wraiths
  2 swamp worms (D:10)
  An acid dragon (D:10)
  A water moccasin (D:7)
  Duvessa (D:6)
  11 orc warriors
  2 ice beasts
  2 black bears
  A sky beast (D:8)
  2 ogres
  A wolf (D:11)
  4 centaurs
  A phantom (D:7)
  4 kobold brigands
  A bullfrog (D:7)
  5 scorpions
  20 wights
  Dowan (D:6)
  5 killer bees (D:9)
  2 electric eels (D:8)
  2 hounds (D:5)
  2 jellies
  A gnoll bouda (D:6)
  10 orc priests
  3 sleepcaps (D:6)
  An iguana (D:6)
  Ijyb (D:5)
  6 orc wizards
  8 gnolls
  8 adders
  4 white imps
  An ufetubus (D:4)
  5 worms
  3 dart slugs
  31 orcs
  6 ball pythons
  6 bats
  6 endoplasms
  9 goblins
  13 hobgoblins
  3 jackals (D:1)
  29 kobolds
  4 quokkas
  A frilled lizard (D:1)
  22 rats
299 creatures vanquished.

Table legend:
 A = Non-vault XP
 B = Vault XP
 C = Vault XP percentage of total XP
 D = Non-vault monster count
 E = Vault monster count
 F = Vault count percentage of total count
                 A         B        C        D         E       F
            +---------+---------+-------+---------+---------+-------
      Total |   14904 |    5536 |  27.1 |     228 |      71 |  23.7
            +---------+---------+-------+---------+---------+-------
        D:1 |      31 |       0 |   0.0 |      17 |       0 |   0.0
        D:2 |      54 |     239 |  81.6 |      24 |       1 |   4.0
        D:3 |      41 |      20 |  32.8 |      12 |      19 |  61.3
        D:4 |     362 |       0 |   0.0 |      15 |       0 |   0.0
        D:5 |     599 |     923 |  60.6 |      14 |       3 |  17.6
        D:6 |     869 |     398 |  31.4 |      33 |       6 |  15.4
        D:7 |    1028 |       0 |   0.0 |      17 |       0 |   0.0
        D:8 |    3454 |       0 |   0.0 |      34 |       0 |   0.0
        D:9 |    2684 |      12 |   0.4 |      28 |       6 |  17.6
       D:10 |    2578 |    2297 |  47.1 |      25 |       8 |  24.2
       D:11 |    3204 |    1647 |  34.0 |       9 |      28 |  75.7
            +---------+---------+-------+---------+---------+-------

Skill      XL: |  1  2  3  4  5  6  7  8  9 10 11 |
---------------+----------------------------------+-----
Dodging        | 2 4 |  4.4
Fighting       | 2 3 4 5 6 8 9 |  9.1
Unarmed Combat | 4 5 6 7 8 9 |  9.7
Shapeshifting  | 4 6 7 8 10 11 | 11.3
Invocations    | 1 4 |  4.7

Action                     |  1- 3 |  4- 6 |  7- 9 | 10-12 || total
---------------------------+-------+-------+-------+-------++-------
  Melee: Unarmed           |    70 |    79 |   171 |   250 ||   570
         Punch             |     2 |     2 |       |    17 ||    21
         Constrict         |       |     6 |    40 |    14 ||    60
         Tailslap          |       |       |     1 |    25 ||    26
         Bite              |       |       |       |    18 ||    18
Ability: Spit Poison       |    19 |    19 |    23 |     2 ||    63
         Begin Untransform |       |       |     1 |       ||     1
         Breathe Fire      |       |       |       |     5 ||     5
    Use: Scroll            |       |     7 |     5 |    10 ||    22
         Potion            |       |       |       |     3 ||     3
   Stab: Sleeping          |     1 |     1 |       |     2 ||     4
 Armour: Animal skin       |    12 |    10 |       |       ||    22
         Skin              |       |    19 |    49 |    90 ||   158
  Dodge: Dodged            |    45 |    54 |    86 |   122 ||   307
   Form: Anaconda          |       |     1 |     1 |     1 ||     3
         Dragon            |       |       |     2 |     1 ||     3

Illustrated notes

Table legend:
 A = Kills in this place as a percentage of kills in the entire game.
 B = Kills by you in this place as a percentage of kills by you in the entire game.
 C = Kills by friends in this place as a percentage of kills by friends in the entire game.
 D = Other kills in this place as a percentage of other kills in the entire game.
 E = Experience gained in this place as a percentage of experience gained in the entire game.
 F = Experience gained in this place divided by the number of levels of this place that you have seen.
                   A       B       C       D       E      F
               +-------+-------+-------+-------+-------+----------------------
         Total | 100.0 | 100.0 |   N/A |   N/A | 100.0 | 1703.3
       Dungeon | 100.0 | 100.0 |   N/A |   N/A | 100.0 | 1858.2
               +-------+-------+-------+-------+-------+----------------------

Table legend: (Time is in decaauts)
 A = Elapsed time spent in this place.
 B = Non-inter-level travel time spent in this place.
 C = Inter-level travel time spent in this place.
 D = Time resting spent in this place.
 E = Time spent auto-exploring this place.
 F = Levels seen in this place.
 G = Mean time per level.
                   A        B        C        D        E       F      G
               +--------+--------+--------+--------+--------+-----+--------+
         Total |  12797 |  11984 |    813 |    782 |   9559 |  12 | 1066.4 |
       Dungeon |  12753 |  11982 |    771 |    782 |   9559 |  11 | 1159.4 |
        Temple |     43 |      1 |     42 |      0 |      0 |   1 |   43.0 |
               +--------+--------+--------+--------+--------+-----+--------+

Top non-repeatable levels by time:
    D:10: 1825 daAuts
     D:9: 1688 daAuts
     D:8: 1496 daAuts
     D:2: 1477 daAuts
     D:5: 1076 daAuts
     D:1: 1056 daAuts
    D:11: 1034 daAuts
     D:6: 950 daAuts
     D:7: 862 daAuts
     D:3: 788 daAuts
     D:4: 497 daAuts
  Temple: 43 daAuts
